 Dungeon Crawl Stone Soup version 0.31-a0-656-gb4d89c20fa (webtiles) character file.

Game seed: 6428604936457943201

126 subawu the Digger (level 4, -14/33 HPs)
             Began as a Draconian Earth Elementalist on Aug 30, 2023.
             Demolished by a shadow (21 damage)
             ... created by the darkness of Dithmenos
             ... on level 3 of the Dungeon.
             The game lasted 00:15:07 (3036 turns).

subawu the Digger (Draconian Earth Elementalist)    Turns: 3036, Time: 00:15:07

Health: -14/33     AC:  8    Str: 11    XL:     4   Next: 84%
Magic:  4/7        EV: 12    Int: 15    God:
Gold:   87         SH:  0    Dex: 13    Spells: 5/8 levels left

rFire   . . .        d - +1 club
rCold   . . .        (no shield)
rNeg    . . .        (body armour unavailable)
rPois   .            (helmet restricted)
rElec   .            n - +0 cloak
rCorr   .            i - +0 pair of gloves
SInv    .            q - +0 pair of boots
Will    .....        (no amulet)
Stlth   ++           (no ring)
HPRegen 0.25/turn    (no ring)
MPRegen 0.10/turn

%: random rage (3%)
@: no status effects
A: AC +5, unfitting armour, cold-blooded, berserk 1, low MP 1
a: no special abilities


You were on level 3 of the Dungeon.
You visited 1 branch of the dungeon, and saw 3 of its levels.

You collected 87 gold pieces.

Inventory:

Hand Weapons
 d - a +1 club (weapon)
Missiles
 b - 5 datura-tipped darts
 h - 2 poisoned darts
Armour
 i - a +0 pair of gloves (worn)
 n - a +0 cloak (worn)
 q - a +0 pair of boots (worn)
Scrolls
 c - a scroll of immolation {unknown}
 f - a scroll of identify
Potions
 a - a potion of magic
 g - a potion of curing
 p - a potion of haste


   Skills:
 + Level 1.6 Maces & Flails
 + Level 2.3 Dodging
 + Level 2.5 Stealth
 + Level 2.6 Spellcasting
 + Level 2.1 Transmutations
 + Level 3.5 Earth Magic


You had 5 spell levels left.
You knew the following spells:

 Your Spells              Type           Power      Damage    Failure   Level
a - Sandblast             Erth           24%        2d8       4%          1
b - Passwall              Tmut/Erth      8%         N/A       10%         2

Your spell library contained the following spells:

 Spells                   Type           Power      Damage    Failure   Level
 Stone Arrow              Conj/Erth      14%        3d7       30%         3
 Petrify                  Tmut/Erth      10%        N/A       54%         4


Dungeon Overview and Level Annotations

Branches:
Dungeon (3/15)

Altars:
Dithmenos
Nemelex Xobeh

Shops:
D:3 =


Innate Abilities, Weirdness & Mutations

Your plain brown scales are hard. (AC +5)
You cannot fit into any form of body armour.
You are cold-blooded and may be slowed by cold attacks.
You sometimes lose your temper in combat.
Your magical capacity is low. (-10% MP)


Message History

Press: ? - help, Shift-Dir - straight line, f - shadow
Aim: a shadow (durably summoned, 82% to hit)
The blast of sand hits the shadow!
The shadow is moderately damaged.
The shadow hits you. x2
Casting: Sandblast (safe; 4% risk of failure)
Confirm with . or Enter, or press ? or * to list all spells.
Aiming: Sandblast (safe; 4% risk of failure)
Press: ? - help, Shift-Dir - straight line, f/p - shadow
Aim: a shadow (moderately damaged, durably summoned, 82% to hit)
The blast of sand hits the shadow.
The shadow is moderately damaged.
The shadow hits you.
Casting: Sandblast (safe; 4% risk of failure)
Confirm with . or Enter, or press ? or * to list all spells.
Aiming: Sandblast (safe; 4% risk of failure)
Press: ? - help, Shift-Dir - straight line, f/p - shadow
Aim: a shadow (moderately damaged, durably summoned, 82% to hit)
The blast of sand hits the shadow but does no damage.
The shadow is moderately damaged.
The shadow hits you.
The shadow slips into darkness.
The shadow flickers and vanishes!
Deactivating autopickup; reactivate with Ctrl-A.
You closely miss something.
The shadow strikes at you from the darkness!
* * * LOW HITPOINT WARNING * * *
Reactivating autopickup.
Read: scroll of poison
Press: ? - help, Q - select action, (/) - cycle Dir - look around, f - activate Look: a shadow (moderately damaged, durably summoned)
The air fills with toxic fumes!
As you read the scroll of poison, it crumbles to dust.
The shadow slips into darkness.
The shadow flickers and vanishes!
Deactivating autopickup; reactivate with Ctrl-A.
You completely miss something.
Your tail-slap misses something.
The shadow strikes at you from the darkness!
Ouch! That really hurt!
You die...

#.......#.### #...
#.###.§§§...# ##... ###
#.§§#.#[# #.... #.§§#.#.#
#.... ###§#.#.########....
#§#.....§...##.#..
############§####§§§...##.#..
#....§§§§§§§§§§§§§§§...##.#..
##########§{@§§§§§§§...##.#..
#§§§§§§§§§§......#..
#§§§§§§§§§§...##....
#§§§§§§§§#§#####....
#§§§§§§§§#.# #....
#§§§§§§§§#.# #....
#§§§§§§§§#.# #....
##########W# #....
.......WWW# ###.#


There were no monsters in sight!

Vanquished Creatures
  A gnoll (D:1)
  5 adders
  An ufetubus (D:2)
  3 worms
  A dart slug (D:3)
  3 ball pythons (D:1)
  5 endoplasms
  7 hobgoblins
  8 jackals (D:1)
  3 quokkas (D:1)
  4 bats
  3 frilled lizards
  4 kobolds
  8 rats
56 creatures vanquished.

Notes
Turn   | Place    | Note
-------+----------+-------------------------------------------
     0 | D:1      | subawu the Draconian Earth Elementalist began the quest for
                  | the Orb.
     0 | D:1      | Reached XP level 1. HP: 14/14 MP: 3/3
   173 | D:1      | Reached XP level 2. HP: 4/20 MP: 3/5
   467 | D:1      | Learned a level 2 spell: Passwall
   832 | D:1      | Reached XP level 3. HP: 24/26 MP: 3/6
   833 | D:1      | Reached skill level 1 in Maces & Flails
  1424 | D:2      | Reached XP level 4. HP: 24/33 MP: 7/7
  2058 | D:2      | Gained mutation: Your magical capacity is low. (-10% MP)
                  | [potion of mutation]
  2058 | D:2      | Gained mutation: You have hidden genetic defects. [potion
                  | of mutation]
  2058 | D:2      | Gained mutation: You sometimes lose your temper in combat.
                  | [potion of mutation]
  2058 | D:2      | Lost mutation: You have hidden genetic defects. [potion of
                  | mutation]
  2099 | D:3      | Found a faded altar of an unknown god.
  2155 | D:3      | Prayed at the altar of an unknown god.
  2155 | D:3      | Became a worshipper of Dithmenos the Shadowed
  2155 | D:3      | Reached * piety under Dithmenos
  2199 | D:3      | Fell from the grace of Dithmenos
  2596 | D:3      | Found a sparkling altar of Nemelex Xobeh.
  2731 | D:3      | Found Pumiamev's Jewellery Shop.
  3009 | D:3      | Noticed a shadow
  3009 | D:3      | Noticed a shadow
  3009 | D:3      | Noticed a shadow
  3009 | D:3      | Noticed a shadow
  3036 | D:3      | Demolished by a shadow

Illustrated notes

Levels and vault maps discovered:
D:1:      matt_arrival_diagonals, layout_basic
D:2:      layout_rooms, nicolae_half_adder
D:3:      layout_basic, mainiacjoe_overflow_24_doors, serial_shops,
          nicolae_shop_advertising_works [nicolae_subvault_shop_adworks],
          basic_ecumenical_altar, chequers_jeans

Skill      XL: |  1  2  3  4 |
---------------+-------------+-----
Stealth        | 2 |  2.5
Dodging        | 2 |  2.3
Maces & Flails | 1 |  1.6
Transmutations | 2 |  2.1
Spellcasting   | |  2.6
Earth Magic    | |  3.5

Action                     |  1- 3 |  4- 6 || total
---------------------------+-------+-------++-------
  Melee: Club              |    91 |    68 ||   159
         Tailslap          |    10 |     8 ||    18
         Punch             |     1 |       ||     1
   Cast: Sandblast         |    39 |    18 ||    57
         Passwall          |       |     1 ||     1
 Invoke: Renounce Religion |       |     1 ||     1
    Use: Scroll            |       |    10 ||    10
         Potion            |       |     6 ||     6
   Stab: Sleeping          |     1 |       ||     1
 Armour: Skin              |    47 |    50 ||    97
  Dodge: Dodged            |   125 |    76 ||   201

Table legend: (Time is in decaauts)
 A = Elapsed time spent in this place.
 B = Non-inter-level travel time spent in this place.
 C = Inter-level travel time spent in this place.
 D = Time resting spent in this place.
 E = Time spent auto-exploring this place.
 F = Levels seen in this place.
 G = Mean time per level.
                   A        B        C        D        E       F      G
               +--------+--------+--------+--------+--------+-----+--------+
         Total |   3108 |   3089 |     19 |    182 |   1934 |   3 | 1036.0 |
       Dungeon |   3108 |   3089 |     19 |    182 |   1934 |   3 | 1036.0 |
               +--------+--------+--------+--------+--------+-----+--------+

Top non-repeatable levels by time:
     D:1: 1135 daAuts
     D:2: 1006 daAuts
     D:3: 966 daAuts
